 Dungeon Crawl Stone Soup version 0.13.0-3-g966e3ec (webtiles) character file.

586 Narretz the Skirmisher (level 6, 0/36 HPs)
             Began as a Tengu Skald on Oct 13, 2013.
             Was an Initiate of Sif Muna.
             Succumbed to a gnoll's poison
             ... on Level 3 of the Dungeon.
             The game lasted 00:28:14 (4274 turns).

Narretz the Skirmisher (Tengu Skald)                Turns: 4274, Time: 00:28:15

HP   0/36        AC  3     Str 12      XL: 6   Next: 68%
MP  14/14        EV 15     Int 13      God: Sif Muna [......]
Gold 220         SH  0     Dex 15      Spells:  1 memorised,  9 levels left

Res.Fire  : . . .   See Invis. : .   s - +0 whip
Res.Cold  : . . .   Warding    : .   b - +0 leather armour
Life Prot.: . . .   Conserve   : .   (no shield)
Res.Poison: .       Res.Corr.  : .   (helmet restricted)
Res.Elec. : .       Clarity    : .   (no cloak)
Sust.Abil.: . .     Spirit.Shd : .   (no gloves)
Res.Mut.  : .       Stasis     : .   (boots unavailable)
Res.Rott. : .       Flight     : .   (no amulet)
Saprovore : . . .                    (no ring)
                                     f - +3 ring of evasion

@: mildly poisoned, slightly resistant to hostile enchantments, unstealthy
A: able to fly, beak, talons 3
a: Fly, Renounce Religion


You were on level 3 of the Dungeon.
You worshipped Sif Muna.
Sif Muna was noncommittal.
You were not hungry.

You visited 2 branches of the dungeon, and saw 5 of its levels.

You collected 200 gold pieces.

Inventory:

Hand weapons
 a - a +0,+0 hand axe {=f}
 s - a +0,+0 whip (weapon)
Missiles
 e - 21 stones (quivered)
 t - 4 darts
Armour
 b - a +0 leather armour (worn)
Magical devices
 A - a wand of cold (5)
Comestibles
 d - 5 bread rations
 j - a chunk of worker ant flesh
 q - a rambutan
 r - an apple
Scrolls
 g - a scroll of random uselessness {unknown}
 h - a scroll of recharging {unknown}
 i - a scroll of curse armour {unknown}
 k - a scroll of curse jewellery {unknown}
 m - 4 scrolls of identify
 o - a scroll of enchant armour {unknown}
 p - 2 scrolls of teleportation {unknown}
 u - a scroll of fog {unknown}
 w - 2 scrolls of remove curse
 y - a scroll of enchant weapon II {unknown}
Jewellery
 f - a +3 ring of evasion (left hand)
Potions
 l - a potion of might {unknown}
 v - a potion of flight {unknown}
Books
 c - a book of Battle

   Spells                             Type                      Level
   *Infusion                          Charms                       1
   Shroud of Golubria                 Charms/Translocation         2
   Song of Slaying                    Charms                       2
   Spectral Weapon                    Hexes/Charms                 3
   Regeneration                       Charms/Necromancy            3
   Song of Shielding                  Charms                       4


   Skills:
 + Level 3.2 Fighting
 - Level 2.5 Axes
 * Level 3.2 Maces & Flails
 - Level 1.0 Throwing
 + Level 2.2 Armour
 + Level 2.8 Dodging
 + Level 1.9 Unarmed Combat
 + Level 2.9 Spellcasting
 + Level 3.1 Charms


You had 9 spell levels left.
You knew the following spells:

 Your Spells              Type           Power        Failure   Level  Hunger
a - Infusion              Chrm           ##....       10%         1    #......


Dungeon Overview and Level Annotations

Branches:
Dungeon (4/27)             Temple (1/1) D:4

Altars:
Ashenzari
Cheibriados
Elyvilon
Fedhas
Kikubaaqudgha
Makhleb
Nemelex Xobeh
Okawaru
Sif Muna
Trog
Vehumet
Xom
Yredelemnul
Zin
the Shining One

Shops:
D:4 }

Annotations:
D:2 exclusion: downstairs
D:3 exclusion: downstairs


Innate Abilities, Weirdness & Mutations

You can fly.
You have a beak for a mouth.
You have claws for feet.


Message History

You feel sick.
You start resting.
* * * LOW HITPOINT WARNING * * *
You feel sick.
You start resting.
* * * LOW HITPOINT WARNING * * *
You feel sick.
You start resting.
* * * LOW HITPOINT WARNING * * *
You feel sick.
You start resting.
* * * LOW HITPOINT WARNING * * *
You feel sick.
You feel a little better.
You start resting.
* * * LOW HITPOINT WARNING * * *
You feel sick.
You feel a little better.
You start resting.
You die...

......................#..#####.##
..####.......................)...
..........................##.#.##
..####..#..##.#.##.##.....##.#.##
..........................##.#.##
........#..##.#.##.##.....##.#.##
..##.#..#........................
..##..(....##..>.............#.##
...)............@............#.##
..##..#.#..##.............##.#.##
.............................#.##
...........###...#.###..#.#..#.##
...........# #...#.# #..#.#......
..##..#.##.###...#.###..#.#..#.##
....................##..#.#..#.##
..##.....#.###...).............##
.................................


There were no monsters in sight!

Vanquished Creatures
  A gnoll shaman (D:4)
  4 orc priests
  A scorpion (D:4)
  A worker ant (D:4)
  A gnoll (D:4)
  An inept feature mimic (D:2)
  5 adders
  3 worms
  A giant gecko (D:3)
  An ooze (D:4)
  7 orcs
  A ball python (D:3)
  6 bats
  8 giant cockroaches
  10 goblins
  9 hobgoblins
  A quokka (D:2)
  5 giant newts
  12 kobolds
  5 rats
83 creatures vanquished.

Notes
Turn   | Place    | Note
--------------------------------------------------------------
     0 | D:1      | Narretz, the Tengu Skald, began the quest for the Orb.
     0 | D:1      | Reached XP level 1. HP: 12/12 MP: 3/3
   222 | D:1      | Reached XP level 2. HP: 12/16 MP: 6/6
   716 | D:2      | Reached XP level 3. HP: 6/20 MP: 7/7
  1534 | D:2      | Reached XP level 4. HP: 14/26 MP: 3/9
  2285 | D:3      | Reached skill level 1 in Throwing
  2643 | D:3      | Reached XP level 5. HP: 30/30 MP: 12/12
  2828 | D:3      | Reached skill level 3 in Fighting
  2829 | D:3      | Reached skill level 1 in Maces & Flails
  3131 | D:3      | Reached skill level 1 in Unarmed Combat
  3131 | D:3      | Reached XP level 6. HP: 21/36 MP: 9/14
  3185 | D:3      | HP: 1/36 [poisoned by an adder]
  3387 | D:4      | Found Widwam's Gadget Emporium.
  3420 | D:4      | Found a staircase to the Ecumenical Temple.
  3476 | D:3      | Found an ancient bone altar of Kikubaaqudgha.
  3476 | D:3      | Found a bloodstained altar of Trog.
  3478 | D:3      | Found a burning altar of Makhleb.
  3854 | Temple   | Entered the Ecumenical Temple
  3923 | Temple   | Became a worshipper of Sif Muna the Loreminder
  4272 | D:3      | HP: 1/36 [poisoned by a gnoll]
  4274 | D:3      | Succumbed to a gnoll's poison

Action                   |  1- 3 |  4- 6 || total
-------------------------+-------+-------++-------
Melee: Hand axe          |    90 |    27 ||   117
       Whip              |       |   109 ||   109
Throw: Dart              |    10 |    28 ||    38
       Stone             |       |     2 ||     2
 Cast: Infusion          |     5 |     9 ||    14
Evoke: Wand              |       |     7 ||     7
  Use: Potion            |       |     6 ||     6
       Scroll            |       |     1 ||     1
